 Dungeon Crawl Stone Soup version 0.26-a0-651-gb41185065b (webtiles) character file.

Game seed: 18139887711396177356

211 Flugslaktarn the Skirmisher (level 5, -1/50 HPs)
             Began as a Deep Dwarf Fighter on Oct 12, 2020.
             Was a Follower of Makhleb.
             Killed by nerve-wracking pain
             ... invoked by an orc priest
              (12 damage)
             ... on level 4 of the Dungeon.
             The game lasted 00:00:50 (925 turns).

Flugslaktarn the Skirmisher (Deep Dwarf Fighter)     Turns: 925, Time: 00:00:51

Health: -1/50      AC:  9    Str: 20    XL:     5   Next: 57%
Magic:  4/4        EV:  6    Int:  8    God:    Makhleb [*.....]
Gold:   112        SH:  9    Dex: 13    Spells: 4/4 levels left

rFire    . . .     SeeInvis .   a - +0 war axe
rCold    . . .     Faith    .   c - +0 kite shield
rNeg     . . .     Spirit   .   l - +0 chain mail
rPois    .         Reflect  .   (no helmet)
rElec    .         Harm     .   (no cloak)
rCorr    .         Rampage  .   (no gloves)
MR       .....                  (no boots)
Stlth    ..........             (no amulet)
HPRegen  0.00/turn              (no ring)
MPRegen  0.09/turn              (no ring)

@: non-regenerating
A: damage resistance, heal wounds, sense surroundings 1, no regeneration
a: Heal Wounds, Renounce Religion


You were on level 4 of the Dungeon.
You worshipped Makhleb.
Makhleb was aware of your devotion.
You visited 1 branch of the dungeon, and saw 4 of its levels.

You collected 112 gold pieces.

Inventory:

Hand Weapons
 a - a +0 war axe (weapon)
Armour
 c - a +0 kite shield (worn)
 l - a +0 chain mail (worn)
   (You took it off an orc on level 3 of the Dungeon)
Scrolls
 f - 5 scrolls of identify {unknown}
 g - 3 scrolls of remove curse {unknown}
 h - 3 scrolls of amnesia {unknown}
 n - a scroll of noise {unknown}
 o - a scroll of teleportation {unknown}
Potions
 b - a potion of brilliance {unknown}
 d - a potion of might
 e - 2 potions of stabbing {unknown}
 i - a potion of berserk rage {unknown}
 j - 2 potions of heal wounds {unknown}
 k - 2 potions of lignification {unknown}
 m - 2 potions of degeneration {unknown}


   Skills:
 * Level 3.9 Fighting
 * Level 3.8 Axes
 + Level 3.9 Armour
 + Level 2.0 Dodging
 - Level 3.2 Shields
 + Level 2.3 Invocations


You had 4 spell levels left.
You didn't know any spells.
Your spell library was empty.

Dungeon Overview and Level Annotations

Branches:
Dungeon (4/15)
 Temple: D:4-7

Altars:
Makhleb

Annotations:
D:4 1 runed translucent door, 1 exclusion, Crazy Yiuf


Innate Abilities, Weirdness & Mutations

You are resistant to damage.
You can heal yourself by infusing magical energy.
You passively map a small area around you.
You do not regenerate.


Message History

An orc comes into view. It is wielding a +0 trident.
You hit the orc priest.
The orc priest is lightly wounded.
The orc priest mumbles some strange prayers to Beogh against you.
Pain shoots through your body!
You slash the orc priest!
The orc priest is almost dead.
You block the orc priest's attack.
You hit the orc priest but do no damage.
The orc priest is almost dead.
The orc wizard casts a cantrip, but nothing happens.
You slash the orc!
You kill the orc!
Makhleb accepts your kill.
The orc priest invokes the aid of Beogh against you.
Beogh smites you!
* * * LOW HITPOINT WARNING * * *
The orc priest calls down the wrath of Beogh upon you.
Pain shoots through your body!
You die...

#....#. #. ,, #.# #.#. #....#.
. , , #.# #... #....#.# ###.#
#... #....#. ,,.o#.# #...
#....######.##o#.# #.##
#....'.......#o#.# #.##
##...######..#o#.###########.##
#...# #.#.............##
##...#########@###############
#....'.......†........ , ,
#....#########.####### ** ***
#.#### ,, ,,..# #. ### #. * ,
*,* * * * ,


You could see an orc priest, an orc wizard and 2 orcs.

Vanquished Creatures
  An ogre (D:4)
  A howler monkey (D:4)
  2 hound skeletons (D:4)
  An adder (D:4)
  2 dart slugs (D:4)
  A leopard gecko (D:2)
  10 orcs
  2 giant cockroaches (D:3)
  5 jackals
  2 quokkas (D:4)
  3 bats
  3 frilled lizards
  A kobold (D:3)
  2 rats (D:3)
36 creatures vanquished.

Notes
Turn   | Place    | Note
-------+----------+-------------------------------------------
     0 | D:1      | Flugslaktarn the Deep Dwarf Fighter began the quest for the
                  | Orb.
     0 | D:1      | Reached XP level 1. HP: 20/20 MP: 1/1
     5 | D:2      | Found a burning altar of Makhleb.
    15 | D:2      | Became a worshipper of Makhleb the Destroyer
   109 | D:3      | Reached XP level 2. HP: 20/27 MP: 2/2
   367 | D:4      | Reached skill level 1 in Dodging
   367 | D:4      | Reached skill level 1 in Invocations
   367 | D:4      | Reached XP level 3. HP: 34/34 MP: 2/2
   480 | D:4      | Found a runed translucent door.
   481 | D:4      | Noticed Crazy Yiuf
   556 | D:4      | Reached XP level 4. HP: 29/42 MP: 2/4
   803 | D:4      | Reached * piety under Makhleb
   872 | D:4      | Noticed an ogre
   887 | D:4      | Killed an ogre
   887 | D:4      | Reached XP level 5. HP: 37/50 MP: 4/4
   925 | D:4      | Killed from afar by an orc priest

Illustrated notes

Levels and vault maps discovered:
D:1:      dpeg_arrival_pits, layout_loops_ring
D:2:      layout_basic, old_standard_altar, nicolae_overflow_crystal_walls
D:3:      layout_basic, overflow_temple_1_default,
          gammafunk_temple_overflow_pools, uniq_natasha
D:4:      layout_basic, tgw_sif, kennysheep_generic_room_7,
          uniq_crazy_yiuf_cottage

Skill      XL: |  1  2  3  4 |
---------------+-------------+-----
Fighting       | 3 |  3.9
Dodging        | 1 2 |  2.0
Invocations    | 1 2 |  2.3
Axes           | 3 |  3.8
Armour         | |  3.9
Shields        | |  3.2

Action                   |  1- 3 |  4- 6 || total
-------------------------+-------+-------++-------
Melee: War axe           |    68 |    36 ||   104
 Abil: Heal Wounds       |     1 |     3 ||     4
Armor: Scale mail        |    37 |     1 ||    38
       Chain mail        |       |    15 ||    15
Dodge: Dodged            |    21 |     6 ||    27
Block: Kite shield       |    36 |    15 ||    51

Table legend: (Time is in decaauts)
 A = Elapsed time spent in this place.
 B = Non-inter-level travel time spent in this place.
 C = Inter-level travel time spent in this place.
 D = Time resting spent in this place.
 E = Time spent auto-exploring this place.
 F = Levels seen in this place.
 G = Mean time per level.
                   A        B        C        D        E       F      G
               +--------+--------+--------+--------+--------+-----+--------+
         Total |    969 |    800 |    169 |      0 |    537 |   4 |  242.2 |
       Dungeon |    969 |    800 |    169 |      0 |    537 |   4 |  242.2 |
               +--------+--------+--------+--------+--------+-----+--------+

Top non-repeatable levels by time:
     D:4: 555 daAuts
     D:3: 319 daAuts
     D:2: 91 daAuts
     D:1: 2 daAuts
